3AA
SAN ANTONIO BC @ GLENDALE HERONS
07/20/2022
 
TOP OF THE 1ST
San Antonio BC batting - Pitching for Glendale Herons : RHP Xavier Andrade
Pitching: RHP Xavier Andrade
Batting: RHB Albert Delgado 0-0: Swinging Strike
0-1: Ball
1-1: Called Strike
1-2: Strikes out swinging
Batting: SHB Xavier Vásquez 0-0: Ball
1-0: Fly out, F9 (Flyball, 89S)
Batting: LHB Enrique Sánchez 0-0: Ball
1-0: Ground out 6-3 (Groundball, 6M)
Top of the 1st over - 0 run(s), 0 hit(s), 0 error(s), 0 left on base; San Antonio 0 - Glendale 0
BOTTOM OF THE 1ST
Glendale Herons batting - Pitching for San Antonio BC : LHP Shawn Arnold
Pitching: LHP Shawn Arnold
Batting: RHB José Villegas 0-0: Called Strike
0-1: Ball
1-1: Called Strike
1-2: Foul Ball, location: 2F
1-2: Ground out 3-1 (Groundball, 34S)
Batting: LHB Manny Rosário 0-0: Fly out, F7 (Flyball, 7LM)
Batting: RHB José Masaferro 0-0: SINGLE (Groundball, 56D)
Batting: LHB Victor Adams 0-0: Ball
José Masaferro is caught stealing 2nd base
Bottom of the 1st over - 0 run(s), 1 hit(s), 0 error(s), 0 left on base; San Antonio 0 - Glendale 0
TOP OF THE 2ND
San Antonio BC batting - Pitching for Glendale Herons : RHP Xavier Andrade
Batting: RHB Orlando Padilla 0-0: Ball
1-0: Called Strike
1-1: Swinging Strike
1-2: Ball
2-2: Foul Ball, location: 2F
2-2: Ball
3-2: Strikes out looking
Batting: RHB Alfredo Rivera 0-0: Ball
1-0: Foul Ball, location: 2F
1-1: Swinging Strike
1-2: Ball
2-2: Foul Ball, location: 2F
2-2: Ball
3-2: Base on Balls
Batting: RHB Carlos Vega 0-0: Ball
Wild Pitch!
Alfredo Rivera to second
1-0: Ball
2-0: DOUBLE (Line Drive, 9LS)
Alfredo Rivera scores
Batting: RHB Jim Unknown 0-0: Called Strike
0-1: Ball
1-1: Ground out 6-3 (Groundball, 6)
Batting: LHB Álex Ramírez 0-0: Ball
1-0: Ball
2-0: Swinging Strike
2-1: Called Strike
2-2: Strikes out swinging
Top of the 2nd over - 1 run(s), 1 hit(s), 0 error(s), 1 left on base; San Antonio 1 - Glendale 0
BOTTOM OF THE 2ND
Glendale Herons batting - Pitching for San Antonio BC : LHP Shawn Arnold
Batting: LHB Victor Adams 0-0: Ball
1-0: Ground out 5-3 (Groundball, 5S)
Batting: LHB Robert Bond 0-0: Ground out 4-3 (Groundball, 4)
Batting: RHB Gilbert Graham 0-0: Called Strike
0-1: Ball
1-1: Called Strike
1-2: Foul Ball, location: 2F
1-2: Strikes out looking
Bottom of the 2nd over - 0 run(s), 0 hit(s), 0 error(s), 0 left on base; San Antonio 1 - Glendale 0
TOP OF THE 3RD
San Antonio BC batting - Pitching for Glendale Herons : RHP Xavier Andrade
Batting: RHB Martín Álvarez 0-0: Called Strike
0-1: SINGLE (Groundball, 4MD)
Batting: RHB Albert Delgado 0-0: SINGLE (Groundball, 34)
Martín Álvarez to second
Runner from 2nd tries for 3rd, SAFE, no throw or cutoff
Batting: SHB Xavier Vásquez 0-0: Ball
1-0: Fly out, F7 (Flyball, 7M)
Runner from 3rd tags up, SCORES, no throw
Batting: LHB Enrique Sánchez 0-0: Foul Ball, location: 2F
0-1: Grounds into double play, 6-4-3 (Groundball, 6)
Top of the 3rd over - 1 run(s), 2 hit(s), 0 error(s), 0 left on base; San Antonio 2 - Glendale 0
BOTTOM OF THE 3RD
Glendale Herons batting - Pitching for San Antonio BC : LHP Shawn Arnold
Batting: RHB Héctor Moreno 0-0: Ball
1-0: Foul Ball, location: 2F
1-1: Swinging Strike
1-2: Foul Ball, location: 2F
1-2: Fly out, F2 (Popup, 23F)
Batting: SHB Wilbert Carter 0-0: Called Strike
0-1: Ball
1-1: Foul Ball, location: 2F
1-2: Ball
2-2: Ground out 5-3 (Groundball, 5)
Batting: LHB Job Pels 0-0: Ball
1-0: Swinging Strike
1-1: Called Strike
1-2: Ground out 5-3 (Groundball, 15S)
Bottom of the 3rd over - 0 run(s), 0 hit(s), 0 error(s), 0 left on base; San Antonio 2 - Glendale 0
TOP OF THE 4TH
San Antonio BC batting - Pitching for Glendale Herons : RHP Xavier Andrade
Batting: RHB Orlando Padilla 0-0: Ball
1-0: SINGLE (Line Drive, 4MD)
Batting: RHB Alfredo Rivera 0-0: Called Strike
0-1: Ball
1-1: Ball
2-1: Called Strike
2-2: Strikes out looking
Batting: RHB Carlos Vega 0-0: Called Strike
0-1: Called Strike
0-2: Strikes out swinging
Batting: RHB Jim Unknown 0-0: Ball
1-0: Called Strike
1-1: SINGLE (Flyball, 8LS)
Orlando Padilla to second
Batting: LHB Álex Ramírez 0-0: Ball
1-0: Ball
2-0: Called Strike
2-1: Foul Ball, location: 2F
2-2: Foul Ball, location: 2F
2-2: Fly out, F4 (Line Drive, 4M)
Top of the 4th over - 0 run(s), 2 hit(s), 0 error(s), 2 left on base; San Antonio 2 - Glendale 0
BOTTOM OF THE 4TH
Glendale Herons batting - Pitching for San Antonio BC : LHP Shawn Arnold
Batting: RHB José Villegas 0-0: Foul Ball, location: 2F
0-1: Ball
1-1: Foul Ball, location: 2F
1-2: Ball
2-2: Ball
3-2: Fly out, F3 (Popup, 4S)
Batting: LHB Manny Rosário 0-0: Ball
1-0: Fly out, F7 (Flyball, 78S)
Batting: RHB José Masaferro 0-0: Called Strike
0-1: Ball
1-1: Fly out, F8 (Flyball, 8RM)
Bottom of the 4th over - 0 run(s), 0 hit(s), 0 error(s), 0 left on base; San Antonio 2 - Glendale 0
TOP OF THE 5TH
San Antonio BC batting - Pitching for Glendale Herons : RHP Xavier Andrade
Batting: RHB Martín Álvarez 0-0: Ball
1-0: Called Strike
1-1: Ball
2-1: SINGLE (Groundball, 56)
Batting: RHB Albert Delgado 0-0: Sac Bunt - play at first, batter OUT! 2-3
Martín Álvarez to second
Batting: SHB Xavier Vásquez 0-0: Intentional Walk
Batting: LHB Enrique Sánchez 0-0: Called Strike
0-1: Ball
1-1: Ball
2-1: Ball
3-1: Fly out, F8 (Flyball, 8RM)
Batting: RHB Orlando Padilla 0-0: Called Strike
0-1: Called Strike
0-2: Ball
1-2: Foul Ball, location: 2F
1-2: Foul Ball, location: 2F
1-2: Ball
2-2: Strikes out swinging
Top of the 5th over - 0 run(s), 1 hit(s), 0 error(s), 2 left on base; San Antonio 2 - Glendale 0
BOTTOM OF THE 5TH
Glendale Herons batting - Pitching for San Antonio BC : LHP Shawn Arnold
Batting: LHB Victor Adams 0-0: Ball
1-0: Foul Ball, location: 2F
1-1: Ball
2-1: Fly out, F8 (Flyball, 8RS)
Batting: LHB Robert Bond 0-0: Ball
1-0: Called Strike
1-1: Swinging Strike
1-2: Strikes out looking
Batting: RHB Gilbert Graham 0-0: Ball
1-0: Called Strike
1-1: Fly out, F3 (Popup, 3F)
Bottom of the 5th over - 0 run(s), 0 hit(s), 0 error(s), 0 left on base; San Antonio 2 - Glendale 0
TOP OF THE 6TH
San Antonio BC batting - Pitching for Glendale Herons : RHP Xavier Andrade
Batting: RHB Alfredo Rivera 0-0: Ball
1-0: Foul Ball, location: 2F
1-1: Foul Ball, location: 2F
1-2: Strikes out swinging
Batting: RHB Carlos Vega 0-0: Ball
1-0: Ball
2-0: Fly out, F9 (Line Drive, 9M)
Batting: RHB Jim Unknown 0-0: Ball
1-0: SINGLE (Line Drive, 7LS)
Batting: LHB Álex Ramírez 0-0: Ball
1-0: Ball
Jim Unknown steals 2nd base
2-0: Intentional Walk
Batting: RHB Martín Álvarez 0-0: Ball
1-0: Foul Ball, location: 2F
1-1: DOUBLE (Flyball, 8LM)
Jim Unknown scores
Álex Ramírez to third
Runner from 3rd tries for Home, SAFE, no throw or cutoff
Pitching: RHP Trevor Williamson
Batting: RHB Albert Delgado 0-0: Ball
1-0: Called Strike
1-1: Ball
2-1: Ball
3-1: Ground out 4-3 (Groundball, 4)
Top of the 6th over - 2 run(s), 2 hit(s), 0 error(s), 1 left on base; San Antonio 4 - Glendale 0
BOTTOM OF THE 6TH
Glendale Herons batting - Pitching for San Antonio BC : LHP Shawn Arnold
Batting: RHB Héctor Moreno 0-0: Ball
1-0: Fly out, F8 (Flyball, 8RXD)
Batting: SHB Wilbert Carter 0-0: Called Strike
0-1: Ball
1-1: Ball
2-1: Fly out, F7 (Flyball, 7LM)
Batting: LHB Job Pels 0-0: Ball
1-0: Called Strike
1-1: Swinging Strike
1-2: Ball
2-2: Foul Ball, location: 2F
2-2: Ball
3-2: Base on Balls
Batting: RHB José Villegas 0-0: Called Strike
0-1: Ball
1-1: Ball
2-1: Fly out, F7 (Flyball, 7S)
Bottom of the 6th over - 0 run(s), 0 hit(s), 0 error(s), 1 left on base; San Antonio 4 - Glendale 0
TOP OF THE 7TH
San Antonio BC batting - Pitching for Glendale Herons : RHP Trevor Williamson
Batting: SHB Xavier Vásquez 0-0: Ball
1-0: Swinging Strike
1-1: Ground out 4-3 (Groundball, 4)
Batting: LHB Enrique Sánchez 0-0: Fly out, F8 (Flyball, 78M)
Batting: RHB Orlando Padilla 0-0: Foul Ball, location: 2F
0-1: Swinging Strike
0-2: Ball
1-2: Ball
2-2: Foul Ball, location: 2F
2-2: Fly out, F3 (Popup, 3SF)
Top of the 7th over - 0 run(s), 0 hit(s), 0 error(s), 0 left on base; San Antonio 4 - Glendale 0
BOTTOM OF THE 7TH
Glendale Herons batting - Pitching for San Antonio BC : LHP Shawn Arnold
Batting: LHB Manny Rosário 0-0: Foul Ball, location: 2F
0-1: Fly out, F8 (Flyball, 8RS)
Batting: RHB José Masaferro 0-0: Swinging Strike
0-1: Ball
1-1: Ball
2-1: Ground out 4-3 (Groundball, 4)
Batting: LHB Victor Adams 0-0: Called Strike
0-1: Foul Ball, location: 2F
0-2: Ball
1-2: Ball
2-2: Foul Ball, location: 2F
2-2: Ground out U3 (Groundball, 3L)
Bottom of the 7th over - 0 run(s), 0 hit(s), 0 error(s), 0 left on base; San Antonio 4 - Glendale 0
TOP OF THE 8TH
San Antonio BC batting - Pitching for Glendale Herons : RHP Trevor Williamson
Batting: RHB Alfredo Rivera 0-0: Ball
1-0: Ball
2-0: Fly out, F9 (Flyball, 89M)
Batting: RHB Carlos Vega 0-0: Called Strike
0-1: Foul Ball, location: 2F
0-2: Ball
1-2: Ball
2-2: Strikes out swinging
Batting: RHB Jim Unknown 0-0: Ball
1-0: Ball
2-0: Swinging Strike
2-1: Ball
3-1: Base on Balls
Batting: LHB Álex Ramírez 0-0: Ball
1-0: Called Strike
1-1: Called Strike
1-2: Foul Ball, location: 2F
1-2: Ball
2-2: Ground out 5-3 (Groundball, 15S)
Top of the 8th over - 0 run(s), 0 hit(s), 0 error(s), 1 left on base; San Antonio 4 - Glendale 0
BOTTOM OF THE 8TH
Glendale Herons batting - Pitching for San Antonio BC : LHP Shawn Arnold
Batting: LHB Robert Bond 0-0: Ball
1-0: Called Strike
1-1: Swinging Strike
1-2: Foul Ball, location: 2F
1-2: Foul Ball, location: 2F
1-2: Ground out U3 (Groundball, 3)
Batting: RHB Gilbert Graham 0-0: Fly out, F9 (Flyball, 9S)
Batting: RHB Héctor Moreno 0-0: Ball
1-0: Fly out, F4 (Popup, 34D)
Bottom of the 8th over - 0 run(s), 0 hit(s), 0 error(s), 0 left on base; San Antonio 4 - Glendale 0
TOP OF THE 9TH
San Antonio BC batting - Pitching for Glendale Herons : RHP Trevor Williamson
Batting: RHB Martín Álvarez 0-0: Called Strike
0-1: Ground out 6-3 (Groundball, 6M)
Pitching: RHP Justin Jamerson
Batting: RHB Albert Delgado 0-0: Foul Ball, location: 2F
0-1: Ball
1-1: Foul Ball, location: 2F
1-2: Ball
2-2: Fly out, F4 (Popup, 34D)
Batting: SHB Xavier Vásquez 0-0: Called Strike
0-1: Ground out 5-3 (Groundball, 15S)
Top of the 9th over - 0 run(s), 0 hit(s), 0 error(s), 0 left on base; San Antonio 4 - Glendale 0
BOTTOM OF THE 9TH
Glendale Herons batting - Pitching for San Antonio BC : LHP Shawn Arnold
Pitching: RHP Dan Hobbs
Batting: SHB Wilbert Carter 0-0: Called Strike
0-1: Called Strike
0-2: Hit by Pitch
Batting: LHB Job Pels 0-0: Called Strike
0-1: Foul Ball, location: 2F
0-2: Fielders Choice at 2nd, 6-4 (Groundball, 6M)
Batting: RHB José Villegas 0-0: Called Strike
0-1: Ball
1-1: Ball
2-1: Swinging Strike
2-2: Strikes out swinging
Batting: LHB Manny Rosário 0-0: Fly out, F8 (Flyball, 8RM)
Bottom of the 9th over - 0 run(s), 0 hit(s), 0 error(s), 1 left on base; San Antonio 4 - Glendale 0
This league is powered by Out of the Park Baseball, the baseball management simulation game for PC, Mac and Linux
Friday, April 15th, 2016 - OOTP Baseball 16.9 Build 39